 Dungeon Crawl Stone Soup version 0.27.1-3-gb3d3a73c9e (webtiles) character file.

Game seed: 192581309796020493

297 bnorton916 the Conjurer (level 6, -2/32 HPs)
             Began as a Deep Elf Conjurer on Oct 23, 2021.
             Slain by an orc warrior (12 damage)
             ... on level 3 of the Dungeon.
             The game lasted 00:04:20 (4174 turns).

bnorton916 the Conjurer (Deep Elf Conjurer)         Turns: 4174, Time: 00:04:20

Health: -2/32      AC:  3    Str:  4    XL:     6   Next: 12%
Magic:  17/17      EV: 12    Int: 25    God:
Gold:   94         SH:  0    Dex: 13    Spells: 6/17 levels left

rFire    . . .     SeeInvis .   d - +2 dagger (venom)
rCold    . . .     Faith    .   (no shield)
rNeg     . . .     Spirit   .   a - +0 robe
rPois    .         Reflect  .   (no helmet)
rElec    .         Harm     .   e - +0 cloak
rCorr    .         Rampage  .   (no gloves)
Will     .....                  (no boots)
Stlth    ++........             (no amulet)
HPRegen  0.10/turn              (no ring)
MPRegen  0.15/turn              (no ring)

@: no status effects
A: no striking features
a: no special abilities


You were on level 3 of the Dungeon.
You visited 1 branch of the dungeon, and saw 4 of its levels.

You collected 94 gold pieces.

Inventory:

Hand Weapons
 d - a +2 dagger of venom (weapon)
Armour
 a - a +0 robe (worn)
 e - a +0 cloak (worn)
Magical Staves
 g - a staff of conjuration
Wands
 m - a wand of iceblast (6)
Scrolls
 b - 3 scrolls of identify {unknown}
 c - a scroll of vulnerability {unknown}
 i - a scroll of teleportation {unknown}
 j - a scroll of enchant weapon {unknown}
 k - a scroll of amnesia {unknown}
Potions
 h - a potion of mutation {unknown}
 l - a potion of lignification {unknown}


   Skills:
 - Level 2.4 Dodging
 - Level 2.4 Stealth
 - Level 6.1 Spellcasting
 - Level 6.3 Conjurations
 + Level 1.6 Hexes
 + Level 1.2 Translocations


You had 6 spell levels left.
You knew the following spells:

 Your Spells              Type           Power      Damage    Failure   Level
a - Magic Dart            Conj           100%       1d8       1%          1
b - Searing Ray           Conj           78%        3d6       1%          2
c - Fulminant Prism       Conj/Hex       13%        3d9       14%         4
d - Iskenderun's Mystic   Conj/Tloc      26%        2d7       16%         4

Your spell library contained the following spells:

 Spells                   Type           Power      Damage    Failure   Level
 Dazzling Flash           Conj/Hex       54%        N/A       4%          3


Dungeon Overview and Level Annotations

Branches:
Dungeon (4/15)
 Temple: D:4-7

Altars:
Sif Muna
Beogh

Shops:
D:3 [


Message History

An orc wizard is nearby!
Found a book of Blood.
The orc warrior shouts!
Casting: Magic Dart (safe; 1% risk of failure)
Confirm with . or Enter, or press ? or * to list all spells.
Aiming: Magic Dart (safe; 1% risk of failure)
Press: ? - help, Shift-Dir - straight line, f - orc wizard
Aim: an orc wizard, wielding a +0 trident and wearing a +0 robe (wandering, hasn't noticed you, 100% to hit)
The magic dart hits the orc wizard.
The orc wizard is lightly wounded.
The orc wizard gestures at you while chanting.
You are confused.
You bump into the rock wall.
Unknown command.
The orc wizard points at you and mumbles some strange words.
You are more confused.
You bump into the rock wall.
Unknown command.
You bump into the rock wall.
The orc wizard casts a spell.
The orc wizard flickers and vanishes!
Deactivating autopickup; reactivate with Ctrl-A.
Unknown command.
It was a potion of curing.
You feel better.
The orc warrior hits you with a +0 short sword.
Something hits you.
Drop what? 12/52 slots (_ for help) (? for menu, Esc to quit)
Okay, then.
Unknown command.
Found 8 sling bullets.
Something hits you.
There is a stone staircase leading up, spattered with blood here.
The orc warrior drinks a potion.
The orc warrior seems to speed up.
A magic dart appears from out of thin air!
The magic dart hits you!
You climb upwards.
Reactivating autopickup.
There is a stone staircase leading down here.
The orc warrior hits you with a +0 short sword.
The orc warrior hits you with a +0 short sword!
You die...

######### #.......### #######
#.#.......# #.....#
######.#.......# ######.###.#
#..............###......#...#
#.........<......#.#..(.#...#
#..............#@#.#....#...#
######.......#.o>#.#..#.#...#
########.#.###.#..#.#.#.#
####........#.###.#..#.#.#.#
#.......##..#..........#.#.#
#.......##..#####.####.#.#.####
#.......##..#.................#
#.............###.########.##.#
#......>#########.#........##.#


You could see an orc warrior (fast).

Vanquished Creatures
  A scorpion (D:4)
  A centaur skeleton (D:3)
  An orc priest (D:3)
  An orc wizard (D:3)
  A gnoll (D:1)
  5 adders
  2 worms (D:3)
  2 dart slugs
  8 orcs
  6 endoplasms
  15 giant cockroaches
  7 goblins
  3 hobgoblins
  9 jackals
  3 kobolds
  4 quokkas
  3 ball pythons
  A bat (D:2)
  3 frilled lizards
  3 rats
79 creatures vanquished.

Notes
Turn   | Place    | Note
-------+----------+-------------------------------------------
     0 | D:1      | bnorton916 the Deep Elf Conjurer began the quest for the
                  | Orb.
     0 | D:1      | Reached XP level 1. HP: 10/10 MP: 6/6
   155 | D:1      | Reached XP level 2. HP: 15/15 MP: 4/8
   224 | D:1      | Found a faded altar of an unknown god.
   511 | D:1      | Reached skill level 5 in Conjurations
   511 | D:1      | Reached XP level 3. HP: 19/19 MP: 7/10
   514 | D:1      | Learned a level 2 spell: Searing Ray
  1257 | D:2      | Reached XP level 4. HP: 24/24 MP: 7/12
  1871 | D:2      | Reached skill level 5 in Spellcasting
  2326 | D:3      | Reached XP level 5. HP: 28/28 MP: 9/14
  2396 | D:3      | Found Ucatoir's Armour Shop.
  3694 | D:4      | Noticed an orc warrior
  3700 | D:4      | Noticed a black bear
  3997 | D:3      | Learned a level 4 spell: Fulminant Prism
  4002 | D:3      | Learned a level 4 spell: Iskenderun's Mystic Blast
  4043 | D:4      | Found a shimmering blue altar of Sif Muna.
  4069 | D:4      | Reached skill level 1 in Hexes
  4069 | D:4      | Reached skill level 1 in Translocations
  4069 | D:4      | Reached XP level 6. HP: 24/32 MP: 9/17
  4174 | D:3      | Slain by an orc warrior

Illustrated notes

Levels and vault maps discovered:
D:1:      elethiomel_arrival_quiet, layout_rooms,
          hellmonk_ecumenical_altar_defaced_shrine
D:2:      minmay_roachtagon, layout_rooms, grunt_ministairs_13
D:3:      layout_basic, serial_shops, nicolae_shop_crystal
D:4:      layout_loops_ring, nicolae_sif_muna_condensation,
          minmay_temple_entry_offerings

Skill      XL: |  1  2  3  4  5 |
---------------+----------------+-----
Spellcasting   | 4 5 6 |  6.1
Conjurations   | 5 6 |  6.3
Hexes          | 1 |  1.6
Translocations | 1 |  1.2
Dodging        | |  2.4
Stealth        | |  2.4

Action                   |  1- 3 |  4- 6 || total
-------------------------+-------+-------++-------
Melee: Dagger            |       |     3 ||     3
 Cast: Magic Dart        |    65 |    82 ||   147
       Searing Ray       |     4 |    10 ||    14
  Use: Potion            |       |     1 ||     1
Armor: Robe              |       |     3 ||     3
Dodge: Dodged            |     2 |    12 ||    14
